[Event "Titled Tuesday Blitz June 13 Early 2023"]
[White "Graham, Nathaniel"]
[Black "The_Sherman_Variation"]
[WhiteFideId "2007983"]
[WhiteElo "2068"]
[BlackElo "2450"]
[Result "1/2-1/2"]
[Round "2"]
[TimeControl "180+2"]
[Date "2023.06.13"]
[WhiteClock "0:00:15"]
[BlackClock "0:00:28"]
[Board "229"]

1. e4 b6 2. d4 Bb7 3. Bd3 g6 4. Nf3 Bg7 5. O-O d6 6. c4 Nd7 7. Nc3 e5 8. d5 Ne7 9. Be3 O-O 10. b4 f5 11. Ng5 f4 12. Bd2 Rf6 13. Ne6 Rxe6 14. dxe6 Nf8 15. c5 Kh8 16. Bc4 dxc5 17. bxc5 Qd4 18. Bb3 Qxc5 19. Nd5 Nxd5 20. exd5 Bxd5 21. Rc1 Bxb3 22. Qxb3 Qe7 23. Rc6 a5 24. Rfc1 Rd8 25. Be1 Rd6 26. Rxc7 Qxe6 27. Qxe6 Nxe6 28. Rc8+ Bf8 29. Kf1 Kg7 30. R1c6 Nd4 31. Rxd6 Bxd6 32. Rd8 Bc5 33. Rd7+ Kg8 34. Rd5 e4 35. Bc3 Nb5 36. Bb2 Kf7 37. Re5 e3 38. fxe3 Bxe3 39. a4 Nd6 40. Rd5 Nc4 41. Bc3 Ke6 42. Rb5 Na3 43. Rb3 Nc2 44. Ke2 Kd5 45. Kd3 Nb4+ 46. Bxb4 axb4 47. Rxb4 Kc5 48. Rb5+ Kc6 49. g3 Bc1 50. gxf4 Bxf4 51. h3 g5 52. Ke4 h5 53. Kf5 h4 54. Kg4 Be3 55. Rxg5 Bxg5 56. Kxg5 Kc5 57. Kxh4 Kb4 58. Kg5 Kxa4 59. h4 b5 60. h5 b4 61. h6 b3 62. h7 b2 63. h8=Q b1=Q 64. Qa8+ Kb3 65. Qb8+ Ka2 66. Qxb1+ Kxb1 1/2-1/2


[Site "https://www.chess.com"]

[Event "Titled Tuesday Blitz June 13 Early 2023"]
[White "Lopez, Nelson M, Ii"]
[Black "Slayyy_200"]
[WhiteFideId "2027895"]
[WhiteElo "2449"]
[BlackElo "2058"]
[Result "1-0"]
[Round "2"]
[TimeControl "180+2"]
[Date "2023.06.13"]
[WhiteClock "0:00:15"]
[BlackClock "0:00:07"]
[Board "230"]

1. e4 c5 2. Nf3 Nc6 3. Bb5 g6 4. O-O Bg7 5. Nc3 a6 6. Bxc6 bxc6 7. d3 e5 8. Be3 d6 9. a4 Rb8 10. Qc1 Ne7 11. a5 O-O 12. Nd2 f5 13. f3 Be6 14. b3 Qc7 15. Na4 Nc8 16. Nc4 Bxc4 17. dxc4 Kh8 18. Qd2 Ne7 19. Rad1 Rbd8 20. Nb6 Ng8 21. Bg5 Bf6 22. Bxf6+ Rxf6 23. Rfe1 Rf7 24. Re3 Nf6 25. exf5 g5 26. Rd3 Ne8 27. Qxg5 Rg7 28. Qh4 Rb8 29. g4 Qf7 30. h3 Qxf5 31. Kf2 Qf4 32. Qg3 Qf8 33. Kg2 Rf7 34. Qh4 e4 35. fxe4 Nf6 36. Re1 Re8 37. Rde3 Qe7 38. e5 dxe5 39. Rxe5 Qd8 40. Rxe8+ Nxe8 41. Qxd8 1-0


[Site "https://www.chess.com"]

[Event "Titled Tuesday Blitz June 13 Early 2023"]
[White "Principe, Alexander"]
[Black "Levitan, Ronit"]
[WhiteFideId "3804542"]
[BlackFideId "2815109"]
[WhiteElo "2203"]
[BlackElo "1930"]
[Result "0-1"]
[Round "2"]
[TimeControl "180+2"]
[Date "2023.06.13"]
[WhiteClock "0:02:10"]
[BlackClock "0:01:06"]
[Board "231"]

1. e4 e5 2. Nf3 Nc6 3. d4 exd4 4. Nxd4 Nf6 5. Nxc6 bxc6 6. e5 Qe7 7. Qe2 Nd5 8. c4 Ba6 9. b3 g6 10. f4 d6 11. Qf2 Nf6 12. Ba3 Qe6 13. Bd3 dxe5 14. f5 Qd7 15. fxg6 Qxd3 16. Qxf6 Qe3+ 17. Kd1 Rd8+ 18. Kc2 Qe2+ 19. Kc3 Rd3# 0-1


[Site "https://www.chess.com"]

[Event "Titled Tuesday Blitz June 13 Early 2023"]
[White "Szyszylo, Rafal"]
[Black "Alexanian, Nelli"]
[WhiteFideId "1109626"]
[BlackFideId "4170539"]
[WhiteElo "1951"]
[BlackElo "2027"]
[Result "1-0"]
[Round "2"]
[TimeControl "180+2"]
[Date "2023.06.13"]
[WhiteClock "0:01:11"]
[BlackClock "0:00:20"]
[Board "232"]

1. e4 e6 2. d4 d5 3. e5 c5 4. c3 Nc6 5. Nf3 Qb6 6. Bd3 cxd4 7. O-O Bd7 8. Re1 Nge7 9. h4 dxc3 10. Nxc3 f6 11. Be3 Qa5 12. Bd4 Nxd4 13. Nxd4 fxe5 14. Rxe5 Nc6 15. Rxe6+ Bxe6 16. Nxe6 Kd7 17. Bf5 Bd6 18. Nxd5 g6 19. Bh3 Rae8 20. Nc5+ Kd8 21. Nxb7# 1-0


[Site "https://www.chess.com"]

[Event "Titled Tuesday Blitz June 13 Early 2023"]
[White "FunnyDuck66"]
[Black "Haukenfrers, Dale"]
[BlackFideId "2603780"]
[WhiteElo "2436"]
[BlackElo "2018"]
[Result "1-0"]
[Round "2"]
[TimeControl "180+2"]
[Date "2023.06.13"]
[WhiteClock "0:00:03"]
[BlackClock "0:00:34"]
[Board "233"]

1. d4 d6 2. e4 g6 3. Bd3 e5 4. c3 c6 5. dxe5 dxe5 6. Nf3 Bg4 7. h3 Bxf3 8. Qxf3 Nd7 9. Bc4 Qf6 10. Qxf6 Ngxf6 11. f3 b5 12. Bb3 Bc5 13. a4 Nh5 14. g4 Ng3 15. Rh2 h5 16. g5 h4 17. axb5 cxb5 18. Bd5 O-O-O 19. Ra5 Bb6 20. Rxb5 Nc5 21. Rd2 Kc7 22. b4 a6 23. bxc5 axb5 24. cxb6+ Kxb6 25. Ba3 Rh5 26. Bb4 Rd7 27. Na3 Rxg5 28. Kf2 Nh5 29. Nxb5 Nf4 30. c4 Nxh3+ 31. Ke3 Nf4 32. Ra2 h3 33. Nc3 Rg2 34. c5+ Kc7 35. Nb5+ Kb8 36. Ra8# 1-0


[Site "https://www.chess.com"]

[Event "Titled Tuesday Blitz June 13 Early 2023"]
[White "Necula, Iulian"]
[Black "Matveeva, Olga"]
[WhiteFideId "1232380"]
[BlackFideId "24107018"]
[WhiteElo "1790"]
[BlackElo "2009"]
[Result "0-1"]
[Round "2"]
[TimeControl "180+2"]
[Date "2023.06.13"]
[WhiteClock "0:01:05"]
[BlackClock "0:01:18"]
[Board "234"]

1. d4 Nf6 2. Nc3 d5 3. Bf4 c5 4. e3 cxd4 5. exd4 Bg4 6. f3 Bd7 7. Bd3 Nc6 8. Nge2 e6 9. a3 Be7 10. O-O O-O 11. Re1 Rc8 12. Kh1 a6 13. g4 b5 14. b4 Nxd4 15. Nxd4 Rxc3 16. Qd2 Rc8 17. h4 Qb6 18. Be3 Qc7 19. Qg2 Rfe8 20. h5 Bf8 21. Bg5 Be7 22. f4 Ne4 23. Bxe4 dxe4 24. Qxe4 Bxg5 25. fxg5 e5 26. Nf5 Bc6 0-1


[Site "https://www.chess.com"]

[Event "Titled Tuesday Blitz June 13 Early 2023"]
[White "Porat, Tori"]
[Black "Miszler, Levente"]
[WhiteFideId "30982626"]
[BlackFideId "763276"]
[WhiteElo "1752"]
[BlackElo "2176"]
[Result "0-1"]
[Round "2"]
[TimeControl "180+2"]
[Date "2023.06.13"]
[WhiteClock "0:00:19"]
[BlackClock "0:01:48"]
[Board "235"]

1. d4 Nf6 2. c4 c5 3. d5 e6 4. Nc3 exd5 5. Nxd5 Nc6 6. Bg5 Be7 7. Nxe7 Qxe7 8. Nf3 h6 9. Bxf6 Qxf6 10. Qc2 O-O 11. e3 d6 12. Bd3 Nb4 13. Qd2 Qxb2 14. Rd1 Nxd3+ 15. Qxd3 Qxa2 16. O-O Be6 17. Qxd6 Qxc4 18. Rc1 Qd5 19. Qc7 Rfc8 20. Qg3 b5 21. Rfd1 Qc6 22. h3 c4 23. Nd4 Qb6 24. Nxe6 Qxe6 25. Rd6 Qe4 26. Rd4 Qe7 27. Rg4 g6 28. Rh4 h5 29. Rxh5 b4 30. Rb5 b3 31. Qf4 a6 32. Rg5 c3 33. Qg4 b2 34. Rf1 c2 35. Rxg6+ fxg6 36. Qxg6+ Qg7 37. Qe6+ Kh8 38. Qf5 c1=Q 39. Qh5+ Kg8 40. Qd5+ Kf8 41. Qd6+ Qe7 42. Qh6+ Ke8 43. Qh8+ Kd7 44. Qd4+ Kc7 45. Qf4+ Kb7 46. Qf3+ Ka7 47. Qf4 Qxf1+ 48. Kxf1 b1=Q+ 49. Ke2 Rc2+ 0-1


[Site "https://www.chess.com"]

[Event "Titled Tuesday Blitz June 13 Early 2023"]
[White "Kuznetsov, Mikhail"]
[Black "Saim, Mohamed Ilias"]
[WhiteFideId "4117190"]
[BlackFideId "7900465"]
[WhiteElo "1981"]
[BlackElo "2063"]
[Result "1-0"]
[Round "2"]
[TimeControl "180+2"]
[Date "2023.06.13"]
[WhiteClock "0:00:21"]
[BlackClock "0:00:00"]
[Board "236"]

1. Nf3 Nf6 2. g3 e6 3. Bg2 Be7 4. O-O d5 5. d4 O-O 6. c4 c6 7. Nbd2 dxc4 8. Nxc4 b5 9. Nce5 Bb7 10. Qc2 a6 11. Rd1 Qb6 12. Nd3 Nbd7 13. Nfe5 Rac8 14. Bg5 Nxe5 15. dxe5 Nd5 16. Bxe7 Nxe7 17. Nc5 Rfd8 18. e4 Ng6 19. f4 Nf8 20. Kh1 Ba8 21. Rd6 a5 22. Rad1 h6 23. a3 Ng6 24. b4 Ne7 25. Qd2 Rxd6 26. exd6 Ng6 27. e5 Rd8 28. Be4 axb4 29. axb4 Qa7 30. Bxg6 fxg6 31. Qb2 Kf7 32. Ra1 Qb6 33. Ra6 Qb8 34. Qa2 Bb7 35. Qxe6+ Kf8 36. Qe7+ Kg8 37. Ne6 1-0


[Site "https://www.chess.com"]

[Event "Titled Tuesday Blitz June 13 Early 2023"]
[White "Skiadopoulos, Nikolaos"]
[Black "GMFYHR1"]
[WhiteFideId "4200772"]
[WhiteElo "2022"]
[BlackElo "2431"]
[Result "0-1"]
[Round "2"]
[TimeControl "180+2"]
[Date "2023.06.13"]
[WhiteClock "0:00:00"]
[BlackClock "0:00:10"]
[Board "237"]

1. e4 e5 2. Nf3 Nc6 3. Bc4 Nf6 4. Ng5 d5 5. exd5 Na5 6. Bb5+ c6 7. dxc6 bxc6 8. Be2 h6 9. Nh3 Bxh3 10. gxh3 Bc5 11. O-O O-O 12. c3 Nb7 13. b4 Bd6 14. d3 Qd7 15. Bg4 Qc7 16. Be3 Rad8 17. Qf3 Rfe8 18. Qg2 Bf8 19. Bf5 Nd6 20. Be4 Nfxe4 21. dxe4 Re6 22. Kh1 Rg6 23. Qf3 Qe7 24. Nd2 a6 25. Rg1 Rxg1+ 26. Rxg1 Kh8 27. Bc5 Qe6 28. Nb3 Be7 29. Qg4 Qf6 30. Rg3 Qg5 31. Kg2 Qxg4 32. hxg4 Bf8 33. Rd3 Kg8 34. Na5 f6 35. Nxc6 Rc8 36. Na5 Nxe4 37. Bxf8 Kxf8 38. c4 Ke7 39. c5 Rb8 40. a3 Rb5 41. Nc4 Rb8 42. Nd6 Ng5 43. Nf5+ Kf7 44. Rd7+ Kf8 45. Rxg7 Ne6 46. Rg6 Kf7 47. Rxh6 Rg8 48. Rh7+ Kg6 49. Rh6+ Kf7 50. h3 Nf4+ 51. Kf3 Rd8 52. Rh7+ Kg8 53. Ra7 Rd3+ 54. Ke4 Rxa3 55. c6 Rc3 56. c7 Rc4+ 0-1


[Site "https://www.chess.com"]

[Event "Titled Tuesday Blitz June 13 Early 2023"]
[White "Ansh M Shah"]
[Black "Sanchez, Robert"]
[WhiteFideId "25033379"]
[BlackFideId "2034360"]
[WhiteElo "2084"]
[BlackElo "1905"]
[Result "1-0"]
[Round "2"]
[TimeControl "180+2"]
[Date "2023.06.13"]
[WhiteClock "0:01:57"]
[BlackClock "0:02:37"]
[Board "238"]

1. d4 Nf6 2. c4 e6 3. g3 Bb4+ 4. Nd2 O-O 5. Bg2 c5 6. a3 Ba5 7. dxc5 Bc7 8. b4 d6 9. cxd6 Qxd6 10. Bb2 Rd8 11. Ngf3 Qe7 12. Qc2 Nbd7 13. O-O e5 14. Ng5 h6 15. Nge4 Nxe4 16. Nxe4 Nf6 17. Nxf6+ Qxf6 18. Rfd1 Bf5 19. Be4 Bh3 20. Bxb7 Rab8 21. Bg2 Bxg2 22. Kxg2 Bb6 1-0


[Site "https://www.chess.com"]

[Event "Titled Tuesday Blitz June 13 Early 2023"]
[White "Miladinovic, Igor"]
[Black "Carlsen, Magnus"]
[WhiteFideId "4203380"]
[BlackFideId "1503014"]
[WhiteElo "2568"]
[BlackElo "2858"]
[Result "1/2-1/2"]
[Round "3"]
[TimeControl "180+2"]
[Date "2023.06.13"]
[WhiteClock "0:00:16"]
[BlackClock "0:00:29"]
[Board "1"]

1. d4 Nf6 2. Bg5 e6 3. e3 h6 4. Bh4 c5 5. c3 b6 6. Nd2 cxd4 7. exd4 Bb7 8. Ngf3 Be7 9. Bxf6 Bxf6 10. Bd3 Nc6 11. Qe2 Qc7 12. Kf1 a6 13. Re1 Ne7 14. h4 Nd5 15. g3 Be7 16. a3 b5 17. Rg1 Nb6 18. Be4 Bxe4 19. Nxe4 Qc4 20. Ne5 Qxe2+ 21. Kxe2 Nc4 22. Nd3 h5 23. Nd2 d6 24. a4 Kd7 25. axb5 axb5 26. Ra1 Rhb8 27. b3 Nb6 28. Nb4 g6 29. Kd3 d5 30. Na6 Rc8 31. b4 Na4 32. Nc5+ Kc6 33. Nf3 Bd6 34. Ng5 Rc7 35. Rgb1 Rca7 36. Nxa4 bxa4 37. Ra3 Kb5 38. f4 Re8 39. Nf3 f6 40. Re1 Rae7 41. Rea1 Ra7 42. Re1 Rc7 43. Re2 Rc6 44. Rea2 Rec8 45. Re2 R8c7 46. Rxe6 Bxb4 47. Rxc6 Rxc6 48. cxb4 Kxb4 49. Ra1 Rc3+ 50. Ke2 a3 51. Nd2 Rxg3 52. Rb1+ Ka4 53. Rb6 Rg4 54. Rxf6 Rxh4 55. Rxg6 Rxf4 56. Ra6+ Kb4 57. Rb6+ Ka5 58. Rb8 h4 59. Nb3+ Ka6 60. Nc5+ Ka7 61. Rb7+ Ka8 62. Rb3 Rxd4 63. Rxa3+ Kb8 64. Rd3 Rxd3 65. Nxd3 Kc7 66. Nf4 Kd6 67. Kf3 d4 68. Ke4 Kc5 69. Kd3 h3 70. Nxh3 Kb6 71. Nf4 Ka7 72. Ne2 Kb7 73. Nxd4 1/2-1/2


[Site "https://www.chess.com"]

[Event "Titled Tuesday Blitz June 13 Early 2023"]
[White "Nihal Sarin"]
[Black "Horvath, Dominik"]
[WhiteFideId "25092340"]
[BlackFideId "1642561"]
[WhiteElo "2689"]
[BlackElo "2407"]
[Result "1-0"]
[Round "3"]
[TimeControl "180+2"]
[Date "2023.06.13"]
[WhiteClock "0:02:04"]
[BlackClock "0:01:14"]
[Board "2"]

1. d4 Nf6 2. Bg5 Ne4 3. Be3 d5 4. Nd2 Nf6 5. Ngf3 e6 6. g3 Be7 7. Bg2 O-O 8. O-O b6 9. c4 Bb7 10. Rc1 Nbd7 11. h3 Rc8 12. Ne5 Nxe5 13. dxe5 Nd7 14. cxd5 Bxd5 15. Bxd5 exd5 16. Nf3 Nb8 17. Qa4 a6 18. Rfd1 c6 19. Qg4 Re8 20. e6 f6 21. Nd4 Bf8 22. Nf5 Kh8 23. e7 Rxe7 24. Nxe7 Bxe7 25. Bxb6 Qe8 26. Rxd5 f5 27. Rxf5 Nd7 28. Bd4 Bf8 29. Rxf8+ Qxf8 30. Qxd7 1-0


[Site "https://www.chess.com"]

[Event "Titled Tuesday Blitz June 13 Early 2023"]
[White "Stribuk, Artiom"]
[Black "Nakamura, Hikaru"]
[WhiteFideId "13515659"]
[BlackFideId "2016192"]
[WhiteElo "2303"]
[BlackElo "2874"]
[Result "0-1"]
[Round "3"]
[TimeControl "180+2"]
[Date "2023.06.13"]
[WhiteClock "0:00:01"]
[BlackClock "0:00:48"]
[Board "3"]

1. d4 e6 2. c4 b6 3. e4 Bb7 4. Bd3 Bb4+ 5. Kf1 Be7 6. Nc3 d6 7. Nge2 Nf6 8. g3 O-O 9. Kg2 Ne8 10. f3 Bg5 11. Bxg5 Qxg5 12. h4 Qe7 13. b4 Nc6 14. a3 a5 15. b5 Nb8 16. Qd2 e5 17. Qg5 Nf6 18. Nd5 Bxd5 19. cxd5 Nbd7 20. Rac1 Qd8 21. h5 h6 22. Qf5 Re8 23. Rc3 exd4 24. Nxd4 Re5 25. Nc6 Rxf5 26. Nxd8 Rxh5 27. Rxh5 Nxh5 28. Nb7 Nc5 29. Nxc5 bxc5 30. e5 Rb8 31. a4 g6 32. f4 Ng7 33. Kf3 h5 34. Ke4 Kf8 35. Be2 Ke7 36. g4 hxg4 37. Bxg4 f5+ 38. exf6+ Kxf6 39. Kf3 Re8 40. Rb3 Nf5 41. Bxf5 Kxf5 42. b6 cxb6 43. Rxb6 Re4 44. Rxd6 Rxf4+ 45. Ke3 Rxa4 46. Rc6 Re4+ 47. Kf3 Rc4 48. d6 Ke6 49. d7+ Kxd7 50. Rxg6 Kc7 51. Ke3 a4 52. Kd3 Rb4 53. Kc3 Kb7 54. Rh6 a3 55. Rh2 Kc6 56. Ra2 Rh4 57. Rg2 Kb5 58. Kb3 Rh3+ 59. Ka2 Kb4 60. Rc2 c4 61. Rg2 Rd3 62. Rf2 Re3 63. Rg2 Rb3 64. Rg1 Rb2+ 65. Ka1 Rf2 66. Rg3 c3 67. Rg8 Rf1+ 68. Ka2 c2 69. Rb8+ Ka5 70. Ra8+ Kb6 71. Rb8+ Ka7 72. Rb5 0-1


[Site "https://www.chess.com"]

[Event "Titled Tuesday Blitz June 13 Early 2023"]
[White "Paravyan, David"]
[Black "Weetik, Vjacheslav"]
[WhiteFideId "4194985"]
[BlackFideId "4153472"]
[WhiteElo "2563"]
[BlackElo "2469"]
[Result "1/2-1/2"]
[Round "3"]
[TimeControl "180+2"]
[Date "2023.06.13"]
[WhiteClock "0:00:03"]
[BlackClock "0:00:08"]
[Board "4"]

1. e4 c6 2. d4 d5 3. e5 Bf5 4. Nf3 e6 5. Be2 Nd7 6. O-O Bg6 7. a4 Nh6 8. a5 Nf5 9. a6 b6 10. c4 dxc4 11. Bxc4 Be7 12. Nc3 O-O 13. g4 Nh4 14. Nxh4 Bxh4 15. f4 b5 16. Be2 f5 17. g5 h6 18. gxh6 gxh6 19. Bf3 Rc8 20. Kh1 Kh8 21. Be3 Nb6 22. Rg1 Rg8 23. Qe2 Qe7 24. Rg2 Bf7 25. Rag1 Rxg2 26. Qxg2 Rg8 27. Qe2 Rxg1+ 28. Bxg1 b4 29. Nd1 Nd5 30. Qd2 Qd8 31. Ne3 Qa5 32. Nxd5 cxd5 33. Be2 Bd8 34. Qc2 Qc7 35. Qxc7 Bxc7 36. b3 Be8 37. Kg2 Bb6 38. Be3 Kg7 39. Kf1 Bd7 40. Ke1 Kf8 41. Kd2 Bc6 42. Bf2 Bd8 43. Ke3 Bd7 44. Be1 Ba5 45. Bh5 Bb5 46. Be2 Bxe2 47. Kxe2 Kf7 48. Kf3 Kg6 49. Kg3 Kh5 50. Bd2 Bb6 51. Be3 Kg6 52. Kf3 Bd8 53. Bf2 Be7 54. Be1 Kh5 55. Bf2 Bf8 56. Be1 Be7 57. h3 Kg6 58. Bf2 Bd8 59. Be1 Be7 60. Bd2 Kh5 61. Be1 Kg6 1/2-1/2


[Site "https://www.chess.com"]

[Event "Titled Tuesday Blitz June 13 Early 2023"]
[White "Gadimbayli, Abdulla"]
[Black "Caruana, Fabiano"]
[WhiteFideId "13404938"]
[BlackFideId "2020009"]
[WhiteElo "2386"]
[BlackElo "2832"]
[Result "0-1"]
[Round "3"]
[TimeControl "180+2"]
[Date "2023.06.13"]
[WhiteClock "0:00:00"]
[BlackClock "0:00:07"]
[Board "5"]

1. e4 c5 2. Nf3 d6 3. d4 cxd4 4. Nxd4 Nf6 5. Nc3 a6 6. g3 e5 7. Nf3 Be7 8. Bg2 O-O 9. O-O Be6 10. Nh4 g6 11. Bh6 Re8 12. h3 Nbd7 13. Qd2 Rc8 14. Rad1 b5 15. a3 Nb6 16. Nf5 Bxf5 17. exf5 Nc4 18. Qc1 Nxa3 19. Rd3 Nxc2 20. Qxc2 b4 21. Qa4 bxc3 22. bxc3 Qb6 23. Bg5 e4 24. Rdd1 gxf5 25. Bxf6 Bxf6 26. Rd5 e3 27. Rxf5 Bxc3 28. fxe3 Qxe3+ 29. Kh2 Kh8 30. Rxf7 Qg5 31. Qc2 Bg7 32. Qf2 Be5 33. Rf5 Qg6 34. Bd5 Red8 35. Be4 Bg7 36. Bb1 Qe6 37. Rh5 h6 38. Bf5 Qf7 39. Bxc8 Qxh5 40. Bg4 Qg5 41. Qc2 Re8 42. Rf5 Qe3 43. Rf2 Bd4 44. Rg2 Qg5 45. Qd3 Be5 46. Qxa6 Rg8 47. Qd3 h5 48. Bd1 h4 49. Qf3 hxg3+ 50. Kh1 Qh6 51. Qh5 Qxh5 52. Bxh5 Rf8 53. Bg4 Kg7 54. Rc2 Kf6 55. Kg2 Kg5 56. Re2 Rf7 57. Rd2 Rf6 58. Rc2 Kh4 59. Rd2 Rf8 60. Rc2 Ra8 61. Rd2 Ra1 62. Re2 Bd4 63. Re6 Rg1+ 64. Kf3 Rf1+ 0-1


[Site "https://www.chess.com"]

[Event "Titled Tuesday Blitz June 13 Early 2023"]
[White "Fedoseev, Vladimir"]
[Black "Maximov, Dmitry"]
[WhiteFideId "24130737"]
[BlackFideId "14105659"]
[WhiteElo "2743"]
[BlackElo "2494"]
[Result "1-0"]
[Round "3"]
[TimeControl "180+2"]
[Date "2023.06.13"]
[WhiteClock "0:00:51"]
[BlackClock "0:00:19"]
[Board "6"]

1. e4 c5 2. d4 cxd4 3. Qxd4 Nc6 4. Qd3 g6 5. Nc3 Bg7 6. Nf3 Nf6 7. Be2 O-O 8. O-O b6 9. Nd5 Bb7 10. c3 Nxd5 11. exd5 Ne5 12. Nxe5 Bxe5 13. Bh6 Bg7 14. Bg5 d6 15. Bg4 Qc7 16. Rfe1 Rae8 17. h4 h6 18. Be3 h5 19. Bf3 e5 20. dxe6 Bxf3 21. gxf3 fxe6 22. Qxg6 Re7 23. Bg5 Ref7 24. Rxe6 Qc5 25. f4 Qd5 26. Rxd6 Qf3 27. Rd3 Qe2 28. Rg3 Qxb2 29. Re1 Qd2 30. Re5 Qd1+ 31. Kg2 Kh8 32. Bf6 Bxf6 33. Qh6+ 1-0


[Site "https://www.chess.com"]

[Event "Titled Tuesday Blitz June 13 Early 2023"]
[White "Pakleza, Zbigniew"]
[Black "Dubov, Daniil"]
[WhiteFideId "1119290"]
[BlackFideId "24126055"]
[WhiteElo "2410"]
[BlackElo "2793"]
[Result "0-1"]
[Round "3"]
[TimeControl "180+2"]
[Date "2023.06.13"]
[WhiteClock "0:00:00"]
[BlackClock "0:00:35"]
[Board "7"]

1. d4 Nf6 2. Nf3 d5 3. Bf4 g6 4. e3 Bg7 5. Nbd2 O-O 6. Be2 c5 7. c3 Nc6 8. O-O b6 9. Ne5 Bb7 10. Ndf3 Nd7 11. Nxc6 Bxc6 12. h3 Re8 13. Qb3 e6 14. Rfd1 Qe7 15. a4 a6 16. Qa3 Bf8 17. Ne5 Nxe5 18. Bxe5 c4 19. Qxe7 Bxe7 20. b3 b5 21. axb5 axb5 22. b4 f6 23. Bg3 Kf7 24. Kf1 Bf8 25. Bc7 Rec8 26. Bb6 e5 27. Bc5 Bg7 28. Ra5 Rxa5 29. bxa5 Ra8 30. Ra1 Bf8 31. Bb4 Ke6 32. Ke1 Bd6 33. g3 e4 34. Kd2 Bc7 35. h4 f5 36. Kc2 h6 37. Kd2 Ra6 38. Kc2 Kf6 39. Kd2 g5 40. hxg5+ hxg5 41. Rh1 Kg7 42. Rh5 Bxa5 43. Bxa5 Rxa5 44. Rxg5+ Kf6 45. Rh5 Kg6 46. Rh8 Ra2+ 47. Kd1 b4 48. cxb4 Ba4+ 49. Ke1 c3 50. Rc8 Ra1+ 51. Bd1 Rxd1+ 52. Ke2 c2 0-1


[Site "https://www.chess.com"]

[Event "Titled Tuesday Blitz June 13 Early 2023"]
[White "Le, Tuan Minh"]
[Black "Kozak, Antoni"]
[WhiteFideId "12401153"]
[BlackFideId "21832030"]
[WhiteElo "2566"]
[BlackElo "2470"]
[Result "1-0"]
[Round "3"]
[TimeControl "180+2"]
[Date "2023.06.13"]
[WhiteClock "0:00:28"]
[BlackClock "0:00:00"]
[Board "8"]

1. d4 Nf6 2. Nf3 e6 3. Bf4 b6 4. e3 Bb7 5. c4 d6 6. h3 Nbd7 7. Nc3 Ne4 8. Nxe4 Bxe4 9. Bd3 Bb7 10. O-O g6 11. e4 Bg7 12. Bg5 Bf6 13. Bh6 e5 14. d5 g5 15. Nh2 Rg8 16. Ng4 Rg6 17. Bc2 Be7 18. Ba4 f6 19. h4 Kf7 20. h5 Rg8 21. Ne3 Nc5 22. Bc2 a5 23. b3 Bc8 24. a3 Bd7 25. b4 axb4 26. axb4 Nb7 27. Qf3 Qc8 28. Rfb1 Re8 29. Bxg5 Rg8 30. Bh6 b5 31. Bd3 c6 32. dxc6 Bxc6 33. cxb5 Bd7 34. Bc4+ Be6 35. Rxa8 Qxa8 36. Bxe6+ Kxe6 37. Qf5+ Kf7 38. Qxh7+ Ke6 39. Nd5 Bd8 40. Qxg8+ Kd7 41. Rc1 1-0


[Site "https://www.chess.com"]

[Event "Titled Tuesday Blitz June 13 Early 2023"]
[White "Sarana, Alexey"]
[Black "Albornoz Cabrera, Carlos Daniel"]
[WhiteFideId "24133795"]
[BlackFideId "3518736"]
[WhiteElo "2714"]
[BlackElo "2540"]
[Result "1-0"]
[Round "3"]
[TimeControl "180+2"]
[Date "2023.06.13"]
[WhiteClock "0:00:38"]
[BlackClock "0:00:00"]
[Board "9"]

1. c4 Nf6 2. Nc3 e6 3. e4 c5 4. e5 Ng8 5. Nf3 Nc6 6. d4 cxd4 7. Nxd4 Nxe5 8. Ndb5 a6 9. Nd6+ Bxd6 10. Qxd6 f6 11. Be3 Ne7 12. Bb6 Nf5 13. Qb4 Nc6 14. Qc5 d6 15. Bxd8 dxc5 16. Bb6 Ne5 17. Bxc5 Bd7 18. f4 Ng4 19. Be2 Nge3 20. Kf2 Nc2 21. Rac1 Ncd4 22. Bd3 Rc8 23. b4 h5 24. Ne4 e5 25. Rhe1 Ne6 26. fxe5 fxe5 27. Nd6+ Nxd6 28. Bxd6 Rc6 29. Bxe5 O-O+ 30. Kg1 Nf4 31. Be4 Rb6 32. Bc7 Rbf6 33. Bxf4 Rxf4 34. Bxb7 h4 35. Bd5+ Kh7 36. Rf1 h3 37. Rxf4 Rxf4 38. Rc3 hxg2 39. Kxg2 Rd4 40. a3 g5 41. Kg3 Kh6 42. Bg2 Kh5 43. c5 Rg4+ 44. Kf2 Rf4+ 45. Kg1 Bb5 46. c6 Rf8 47. c7 Bd7 48. Rd3 1-0


[Site "https://www.chess.com"]

[Event "Titled Tuesday Blitz June 13 Early 2023"]
[White "Danielyan, Vahe"]
[Black "Andreikin, Dmitry"]
[WhiteFideId "13304828"]
[BlackFideId "4158814"]
[WhiteElo "2423"]
[BlackElo "2736"]
[Result "0-1"]
[Round "3"]
[TimeControl "180+2"]
[Date "2023.06.13"]
[WhiteClock "0:00:13"]
[BlackClock "0:01:31"]
[Board "10"]

1. e4 c5 2. Nc3 Nc6 3. Bb5 g6 4. Bxc6 dxc6 5. Nge2 Bg7 6. d3 Nf6 7. O-O O-O 8. Bg5 h6 9. Be3 b6 10. h3 e5 11. Qd2 Kh7 12. Rae1 Nh5 13. f4 exf4 14. Nxf4 Nxf4 15. Bxf4 Be6 16. Kh1 c4 17. e5 cxd3 18. cxd3 Qd4 19. Ne4 Rad8 20. Re3 Bf5 21. Nf6+ Bxf6 22. exf6 Bxd3 23. Rd1 Qxf4 24. Rxd3 Rxd3 25. Qxf4 Rxd1+ 26. Kh2 c5 27. h4 h5 28. Qc7 Re1 29. Qd6 Kg8 30. Qf4 Kh7 31. Qd6 Rfe8 32. Qc7 Kg8 33. Qf4 R1e6 34. g4 Re2+ 35. Kg1 Re1+ 36. Kg2 R8e2+ 37. Kg3 Rg1+ 38. Kf3 Rf1+ 0-1


[Site "https://www.chess.com"]

[Event "Titled Tuesday Blitz June 13 Early 2023"]
[White "Duda, Jan-Krzysztof"]
[Black "gau_npukyputb"]
[WhiteFideId "1170546"]
[WhiteElo "2783"]
[BlackElo "2731"]
[Result "1-0"]
[Round "3"]
[TimeControl "180+2"]
[Date "2023.06.13"]
[WhiteClock "0:01:01"]
[BlackClock "0:00:07"]
[Board "11"]

1. e4 c5 2. Nf3 e6 3. d4 cxd4 4. Nxd4 a6 5. Bd3 Qc7 6. O-O Bc5 7. Nb3 Be7 8. Qg4 g6 9. a4 d6 10. Qe2 Nd7 11. Nc3 b6 12. h3 Bb7 13. Kh1 Ngf6 14. Bh6 Bf8 15. Qd2 Bxh6 16. Qxh6 Rg8 17. Qg5 Rh8 18. Qe3 h6 19. f4 Kf8 20. Nd4 Kg7 21. f5 gxf5 22. exf5 e5 23. Ne6+ fxe6 24. fxe6 Kf8 25. exd7 Ke7 26. Rxf6 Kxf6 27. Qg3 Rag8 28. Rf1+ Ke7 29. Qh4+ Rg5 30. Be4 Qc4 31. Rf5 Bxe4 32. Nxe4 Rg8 33. Nxg5 Qxh4 34. Rf7+ Kd8 35. Ne6# 1-0


[Site "https://www.chess.com"]

[Event "Titled Tuesday Blitz June 13 Early 2023"]
[White "Priasmoro, Novendra"]
[Black "Lazavik, Denis"]
[WhiteFideId "7105029"]
[BlackFideId "13515110"]
[WhiteElo "2412"]
[BlackElo "2560"]
[Result "1-0"]
[Round "3"]
[TimeControl "180+2"]
[Date "2023.06.13"]
[WhiteClock "0:00:14"]
[BlackClock "0:00:02"]
[Board "12"]

1. e4 c5 2. Nf3 e6 3. d4 cxd4 4. Nxd4 Nc6 5. Nc3 Qc7 6. g3 a6 7. Bg2 Bc5 8. Nxc6 dxc6 9. O-O e5 10. Na4 Ba7 11. c4 b5 12. Nc3 Nf6 13. Bg5 Be6 14. cxb5 axb5 15. Bxf6 gxf6 16. Rc1 Qd7 17. Qh5 Qd2 18. Nb1 Qg5 19. Qxg5 fxg5 20. Rxc6 Bxa2 21. Nc3 Bc4 22. Rd1 O-O 23. Bf1 Bb3 24. Rd7 b4 25. Nd5 Ba4 26. Nxb4 Bd4 27. b3 Bxc6 28. Nxc6 Bc3 29. Bc4 Kg7 30. Ne7 Rad8 31. Nf5+ Kf6 32. Rc7 Rc8 33. Ra7 Ra8 34. Rc7 g4 35. f4 Ra1+ 36. Kg2 Ra2+ 37. Kf1 Kg6 38. Rc6+ f6 39. Rc7 h6 40. Rg7+ Kh5 41. Bf7+ Rxf7 42. Rxf7 exf4 43. gxf4 g3 44. hxg3 Kg4 45. Rc7 Bb4 46. Rc4 Ba5 47. Ra4 Rxa4 48. bxa4 Kf3 49. e5 fxe5 50. fxe5 Ke4 51. e6 1-0


[Site "https://www.chess.com"]